 Dungeon Crawl Stone Soup version 0.16.1-18-g436b03c (webtiles) character file.

239 hannobal the Conjurer (level 5, -5/41 HPs)
             Began as a Draconian Venom Mage on May 9, 2015.
             Slain by an ogre
             ... wielding a +0 giant club
              (9 damage)
             ... on level 4 of the Dungeon.
             The game lasted 00:22:16 (4672 turns).

hannobal the Conjurer (Draconian Venom Mage)        Turns: 4672, Time: 00:22:16

Health: -5/41      AC:  6    Str: 10    XL:     5   Next: 79%
Magic:  0/9        EV: 12    Int: 16    God:
Gold:   166        SH:  0    Dex: 14    Spells: 3 memorised, 2 levels left

rFire  . . .     SeeInvis .     n - +2 dagger (elec)
rCold  . . .     Clarity  .     (armour unavailable)
rNeg   + . .     SustAb   .     (no shield)
rPois  .         Gourm    +     q - +0 hat
rElec  .         Spirit   .     r - +0 cloak
rCorr  .         Warding  .     (no gloves)
rMut   .         Stasis   .     (no boots)
MR     .....                    l - amulet of the gourmand
Stlth  ++........               w - ring of positive energy
                                d - ring of stealth

@: confused, lethally poisoned (-5 -> -6), not resistant to hostile
enchantments, unstealthy
A: unfitting armour, agile 1, spit poison 1, cold-blooded, AC +5
a: Spit Poison


You were on level 4 of the Dungeon.
You were very full.

You visited 1 branch of the dungeon, and saw 4 of its levels.

You collected 166 gold pieces.

Inventory:

Hand weapons
 m - a +0 hunting sling
 n - a +2 dagger of electrocution (weapon)
 o - a +0 mace
 p - a +0 spear
 t - a +2 dagger of venom
 u - a +0 blowgun
Missiles
 e - 213 stones (quivered)
 f - 51 poisoned needles
 j - 37 arrows
Armour
 h - a +0 large shield
 q - a +0 hat (worn)
 r - a +0 cloak (worn)
Jewellery
 d - a ring of stealth (left hand)
 l - an amulet of the gourmand (around neck)
 w - a ring of positive energy (right hand)
Magical devices
 s - a wand of magic darts (31)
Scrolls
 i - a scroll of identify
Potions
 a - a potion of curing
 g - a potion of invisibility
 v - a potion of might
Books
 b - a Young Poisoner's Handbook

   Spells                             Type                      Level
   a - Sting                          Conjuration/Poison           1
   b - Cure Poison                    Poison                       2
   c - Mephitic Cloud                 Conjuration/Poison/Air       3
   d - Olgreb's Toxic Radiance        Poison                       4
   e - Venom Bolt                     Conjuration/Poison           5
Comestibles
 c - 2 bread rations


   Skills:
 - Level 1.8 Fighting
 - Level 1.0 Short Blades
 - Level 1.7 Dodging
 - Level 1.8 Stealth
 + Level 2.3 Spellcasting
 - Level 4.2 Conjurations
 - Level 2.0 Air Magic
 - Level 4.0 Poison Magic


You had 2 spell levels left.
You knew the following spells:

 Your Spells              Type           Power        Failure   Level  Hunger
a - Sting                 Conj/Pois      ###.         4%          1    #......
c - Cure Poison           Pois           ##........   8%          2    ###....
m - Mephitic Cloud        Conj/Pois/Air  ##......     14%         3    ###....


Dungeon Overview and Level Annotations

Branches:
Dungeon (4/15)
 Temple: D:4-7

Altars:
Okawaru


Innate Abilities, Weirdness & Mutations

Your plain brown scales are hard (AC +5).
Your body does not fit into most forms of armour.
Your cold-blooded metabolism reacts poorly to cold.
You are agile. (Dex +2)
You can spit poison.


Message History

Okay, then.
Evoke which item? (* to show all) (? for menu, Esc to quit)
Okay, then.
Drink which item? (? for menu, Esc to quit)
Okay, then.
Casting: Sting
Confirm with . or Enter, or press ? or * to list all spells.
Aiming: Mephitic Cloud
Press: ? - help, Shift-Dir - straight line, f - ogre
Aim: an ogre, wielding a giant spiked club (lightly wounded) That beam is likely to hit you.
Continue anyway?
The ball explodes into a vile cloud!
The stinking cloud engulfs the ogre.
The ogre is lightly wounded.
The stinking cloud engulfs you!
The stinking cloud engulfs the orc.
The stinking cloud engulfs the ogre.
The ogre is moderately wounded.
You are engulfed in noxious fumes.
You choke on the stench!
You are confused.
You feel sick. The ogre hits you with a giant club!
You die...

##..<..(...
##..o#(o....
###..####(....
#...###.......
######.### #..>)...
#......#####.......
#.§§§..#.()[[......
#.oO...<.#####.....
#.@O§..### #.....
#....>.# #.....
#......# ......#
#......# ......#
######## .....#
....# ###


You could see 2 ogres and an orc.

Vanquished Creatures
  A crimson imp (D:3)
  An orc priest (D:3)
  An orc wizard (D:4)
  Robin (D:2)
  A giant mite (D:3)
  5 adders
  A worm (D:3)
  3 giant geckos
  8 orcs
  5 bats
  7 giant cockroaches
  9 hobgoblins
  10 kobolds
  2 quokkas
  2 ball pythons (D:2)
  4 giant newts
  11 goblins
  10 rats
82 creatures vanquished.

Notes
Turn   | Place    | Note
--------------------------------------------------------------
     0 | D:1      | hannobal, the Draconian Venom Mage, began the quest for the Orb.
     0 | D:1      | Reached XP level 1. HP: 14/14 MP: 3/3
   775 | D:1      | Reached skill level 1 in Conjurations
   932 | D:1      | Reached XP level 2. HP: 20/20 MP: 0/4
   936 | D:1      | Learned a level 2 spell: Cure Poison
  1093 | D:2      | Noticed Robin
  1395 | D:2      | Killed Robin
  1395 | D:2      | Reached XP level 3. HP: 26/26 MP: 1/6
  1612 | D:2      | Learned a level 3 spell: Mephitic Cloud
  1903 | D:2      | Reached skill level 1 in Air Magic
  2272 | D:2      | Found an iron altar of Okawaru.
  2306 | D:2      | Gained mutation: You are agile. (Dex +2) [potion of mutation]
  2306 | D:2      | Gained mutation: You can spit poison. [potion of mutation]
  2540 | D:2      | Reached XP level 4. HP: 31/33 MP: 1/7
  3210 | D:3      | Reached skill level 1 in Fighting
  3607 | D:3      | Reached XP level 5. HP: 41/41 MP: 0/9
  3857 | D:3      | Reached skill level 1 in Short Blades
  4463 | D:4      | Noticed an ogre
  4528 | D:4      | Noticed an ogre
  4672 | D:4      | Slain by an ogre

Action                   |  1- 3 |  4- 6 || total
-------------------------+-------+-------++-------
Melee: Spear             |    11 |       ||    11
       Dagger            |       |    19 ||    19
 Fire: Hunting sling     |     8 |       ||     8
 Cast: Sting             |    77 |   107 ||   184
       Cure Poison       |     1 |     3 ||     4
       Mephitic Cloud    |       |     2 ||     2
  Use: Scroll            |     5 |     5 ||    10
       Potion            |     3 |     3 ||     6
  Eat: Chunk             |    15 |    13 ||    28
